AoeStats
← Stokes

Arabian Desert

509971504Analyzed
1v1 RM · 4d ago on Sep 28, 2026· 30m 54s· 2 players
Game mode
Random Map
Map size
Tiny (2 player)
Population
200
Speed
Normal
Resources
Standard
Victory
Conquest
Starting age
Dark Age
Ending age
Imperial Age
RankedLock teamsTeams togetherTeam positionsShared explorationLock speedFull tech treeHidden civsTurbo modeCheats
Victory
Defeat
🇲🇽 Byzantines · Mexico
1111
+16
🇺🇸 Maya · United States
1106
-16
Stokes
0:33 Loom
10:32 Feudal Age
20:19 Padded Archer Armor
20:10 Fletching
26:01 Wheelbarrow
26:03 Double-Bit Axe
26:02 Horse Collar
32:37 Castle Age
Gorozpe28
7:00 Loom
9:22 Feudal Age
16:39 Scale Mail Armor
17:23 Padded Archer Armor
19:53 Double-Bit Axe
22:33 Fletching
26:10 Castle Age
24:08 Arson
24:11 Horse Collar
25:00 Forging
25:44 Stone Mining
27:34 Squires
28:18 Wheelbarrow
27:39 Gambesons
30:45 Iron Casting
Connection lost

Rejoining the realm…

Still unreachable

The connection could not be restored.

Session expired

The server has moved on; the page needs a fresh start.